 Dungeon Crawl Stone Soup version 0.25.0-11-g1f837a76a1 (webtiles) character file.

Game seed: 593400128257811457

112 MisterFreud the Shield-Bearer (level 5, -3/42 HPs)
             Began as a Formicid Fighter on June 27, 2020.
             Slain by Prince Ribbit (14 damage)
             ... on level 5 of the Dungeon.
             The game lasted 00:01:10 (425 turns).

MisterFreud the Shield-Bearer (Formicid Fighter)     Turns: 425, Time: 00:01:11

Health: -3/42      AC:  6    Str: 22    XL:     5   Next: 16%
Magic:  5/5        EV:  8    Int:  7    God:
Gold:   0          SH:  9    Dex: 10    Spells: 4/4 levels left

rFire    . . .     SeeInvis +   a - +0 war axe
rCold    . . .     Gourm    .   c - +0 kite shield
rNeg     . . .     Faith    .   b - +0 scale mail
rPois    .         Spirit   .   (helmet unavailable)
rElec    .         Reflect  .   (no cloak)
rCorr    .         Harm     .   (no gloves)
MR       .....                  (no boots)
Stlth    ..........             (no amulet)
HPRegen  0.14/turn              (no ring)
MPRegen  0.09/turn              (no ring)

@: no status effects
A: permanent stasis, dig shafts and tunnels, four strong arms, antennae 3
a: Dig, Shaft Self


You were on level 5 of the Dungeon.
You were not hungry.

You visited 1 branch of the dungeon, and saw 4 of its levels.

Inventory:

Hand Weapons
 a - a +0 war axe (weapon)
Armour
 b - a +0 scale mail (worn)
 c - a +0 kite shield (worn)
Potions
 d - a potion of might
Comestibles
 f - 2 rations


   Skills:
 - Level 3.6 Fighting
 + Level 4.0 Axes
 - Level 3.6 Armour
 - Level 4.2 Shields


You had 4 spell levels left.
You didn't know any spells.
Your spell library was empty.

Dungeon Overview and Level Annotations

Branches:
Dungeon (5/15)
 Temple: D:4-7

Altars:

Annotations:
D:5 Prince Ribbit


Innate Abilities, Weirdness & Mutations

You cannot be hasted, slowed, berserked, paralysed or teleported.
You can dig through walls and to a lower floor.
Your four strong arms can wield two-handed weapons with a shield.
You have a pair of large antennae on your head. (SInv)


Message History

Prince Ribbit is lightly wounded.
Prince Ribbit closely misses you.
Prince Ribbit croaks regally.
You block Prince Ribbit's attack.
You barely miss Prince Ribbit.
Prince Ribbit is lightly wounded.
Prince Ribbit hits you. You block Prince Ribbit's attack.
You hit Prince Ribbit.
Prince Ribbit is lightly wounded.
Prince Ribbit lets out a mournful croak.
Prince Ribbit blinks!
Prince Ribbit hits you!
Prince Ribbit blinks!
Prince Ribbit hits you. Prince Ribbit hits you!
* * * LOW HITPOINT WARNING * * *
You are too injured to fight recklessly!
You are too injured to fight recklessly!
You closely miss Prince Ribbit.
Prince Ribbit is lightly wounded.
You block Prince Ribbit's attack. Prince Ribbit hits you!
You die...

{ #### #..####
#..##.###
#)F@....#
#...#...+
#..######
#..##...#
#..##.<.#
#..##...##+#
#............
#............
#.......##...#


You could see Prince Ribbit.

Vanquished Creatures
  A scorpion (D:4)
  A hound (D:5)
  Natasha (D:4)
  An adder (D:4)
4 creatures vanquished.

Notes
Turn   | Place    | Note
-------+----------+-------------------------------------------
     0 | D:1      | MisterFreud the Formicid Fighter began the quest for the
                  | Orb.
     0 | D:1      | Reached XP level 1. HP: 18/18 MP: 1/1
     3 | D:1      | You fall into a shaft and drop 1 floor!
     6 | D:2      | You fall into a shaft and drop 2 floors!
    12 | D:4      | Reached XP level 2. HP: 22/24 MP: 2/2
    22 | D:4      | Noticed Natasha
    23 | D:4      | Noticed a scorpion
    31 | D:4      | Killed Natasha
    31 | D:4      | Reached XP level 3. HP: 11/30 MP: 3/3
    34 | D:4      | Killed a scorpion
    34 | D:4      | Reached XP level 4. HP: 10/37 MP: 4/4
   119 | D:5      | Entered Level 5 of the Dungeon
   126 | D:5      | Reached XP level 5. HP: 3/42 MP: 5/5
   413 | D:5      | Noticed Prince Ribbit
   425 | D:5      | Slain by Prince Ribbit

Illustrated notes

Levels and vault maps discovered:
D:1:      scummos_arrival_star, layout_loops_ring
D:2:      minmay_chambers_of_ones, layout_basic, lemuel_coloured_pillars_altar
D:4:      layout_gridville, nicolae_overflow_crystal_walls, led_sif_book,
          first_ration, uniq_natasha
D:5:      layout_gridville, lemuel_crystal_altar, ebering_ghost_reflecting_pool,
          minmay_misc_feat_alley, uniq_prince_ribbit1

Skill      XL: |  1  2  3  4 |
---------------+-------------+-----
Shields        | 4 |  4.2
Axes           | 3 4 |  4.0
Fighting       | |  3.6
Armour         | |  3.6

Action                   |  1- 3 |  4- 6 || total
-------------------------+-------+-------++-------
Melee: War axe           |    14 |    12 ||    26
 Abil: Shaft Self        |     2 |       ||     2
       Dig               |     1 |     2 ||     3
Armor: Scale mail        |     2 |     5 ||     7
Dodge: Dodged            |     9 |     5 ||    14
Block: Kite shield       |     7 |     6 ||    13
